 Dungeon Crawl Stone Soup version 0.29.1-15-g9cfb28693d (webtiles) character file.

Game seed: 9634020146590386105

17 hawla the Firebug (level 3, -3/26 HPs)
             Began as a Meteoran Fire Elementalist on Mar 2, 2023.
             Slain by an iguana (13 damage)
             ... on level 4 of the Dungeon.
             The game lasted 00:01:52 (398 turns).

hawla the Firebug (Meteoran Fire Elementalist)       Turns: 398, Time: 00:01:52

Health: -3/26      AC:  2    Str:  9    XL:     3   Next: 2%
Magic:  3/8        EV: 12    Int: 19    God:
Gold:   94         SH:  0    Dex: 14    Spells: 7/8 levels left

rFire   . . .      SeeInvis .   (no weapon)
rCold   . . .      Faith    .   (no shield)
rNeg    . . .      Spirit   .   a - +0 robe
rPois   .          Reflect  .   (no helmet)
rElec   .          Harm     .   (no cloak)
rCorr   .          Rampage  .   (no gloves)
Will    .....                   (no boots)
Stlth   +.........              (no amulet)
HPRegen 0.08/turn               (no ring)
MPRegen 0.11/turn               (no ring)

@: very slightly contaminated, glowing
A: sense surroundings 1, otherworldly, glowing, explore regen
a: no special abilities


You were on level 4 of the Dungeon.
You visited 1 branch of the dungeon, and saw 4 of its levels.

You collected 94 gold pieces.

Inventory:

Armour
 a - a +0 robe (worn)
Scrolls
 d - a scroll of teleportation {unknown}
Potions
 b - a potion of magic
 c - a potion of haste {unknown}


   Skills:
 + Level 2.8 Dodging
 - Level 1.4 Stealth
 + Level 3.1 Spellcasting
 + Level 1.3 Conjurations
 + Level 4.0 Fire Magic


You had 7 spell levels left.
You knew the following spells:

 Your Spells              Type           Power      Damage    Failure   Level
a - Foxfire               Conj/Fire      52%        2x1d6     4%          1

Your spell library contained the following spells:

 Spells                   Type           Power      Damage    Failure   Level
 Scorch                   Fire           36%        2d7       4%          2
 Conjure Flame            Conj/Fire      13%        6-21      14%         3
 Inner Flame              Hex/Fire       10%        N/A       21%         3
 Flame Wave               Conj/Fire      13%        2d6       43%         4


Dungeon Overview and Level Annotations

Branches:
Dungeon (4/15) Zot: 2001
 Temple: D:4-7

Altars:


Innate Abilities, Weirdness & Mutations

You passively map a small area around you.
You are easily found by Zot.
You glow in the dark.
You regain HP and MP as you explore.


Message History

A hobgoblin comes into view.
Casting: Foxfire (safe; 4% risk of failure)
Confirm with . or Enter, or press ? or * to list all spells.
You conjure some foxfire!
The hobgoblin shouts!
You hear a shout! x2
The foxfire hits the iguana but does no damage.
Casting: Foxfire (safe; 4% risk of failure)
Confirm with . or Enter, or press ? or * to list all spells.
You don't know that spell.
Unknown command.
Casting: Foxfire (safe; 4% risk of failure)
Confirm with . or Enter, or press ? or * to list all spells.
You conjure some foxfire!
The foxfire hits the iguana.
The iguana is lightly wounded.
Casting: Foxfire (safe; 4% risk of failure)
Confirm with . or Enter, or press ? or * to list all spells.
You conjure some foxfire!
The iguana barely misses you.
A gnoll comes into view. It is wielding a +1 whip of freezing.
You hit the iguana but do no damage.
The iguana is lightly wounded.
The foxfire hits the iguana but does no damage.
The iguana is lightly wounded.
The foxfire hits the iguana but does no damage.
The iguana is lightly wounded.
The foxfire hits the iguana.
The iguana is moderately wounded.
The hobgoblin hits you. The iguana barely misses you.
Casting: Foxfire (safe; 4% risk of failure)
Confirm with . or Enter, or press ? or * to list all spells.
You miscast Foxfire.
You are very lightly contaminated with residual magic.
Nothing appears to happen.
The foxfire hits the iguana but does no damage.
The iguana is moderately wounded.
The hobgoblin closely misses you. The iguana bites you!
Casting: Foxfire (safe; 4% risk of failure)
Confirm with . or Enter, or press ? or * to list all spells.
You conjure some foxfire!
The hobgoblin hits you. The iguana bites you!
Ouch! That really hurt!
You die...

. #.......## , *
#........# ..
##.......# ...
#.......# ##...
#.......# .g... ,,*
#####.#[#...# ..#.8.
#...........#####.....
, #.####.##.#...v.l.#
* < #.#......v@g.# ,
#.#..#.##.##.# ,
#.#..#>##.# ,#
.......##.., * * ,
,.....#.##.##
###..##....., * ...
.....#* , .... ###.# ,
,...,


You could see an iguana (ally target), a gnoll and a hobgoblin (ally target).

Vanquished Creatures
  An endoplasm (D:2)
  2 goblins
  3 jackals (D:1)
  3 quokkas
  2 ball pythons
  2 bats
  2 kobolds
  A rat (D:3)
16 creatures vanquished.

Vanquished Creatures (others)
  46 foxfires
46 creatures vanquished.

Grand Total: 62 creatures vanquished

Notes
Turn   | Place    | Note
-------+----------+-------------------------------------------
     0 | D:1      | hawla the Meteoran Fire Elementalist began the quest for
                  | the Orb.
     0 | D:1      | Reached XP level 1. HP: 14/14 MP: 5/5
    34 | D:1      | Reached XP level 2. HP: 20/20 MP: 2/6
   221 | D:2      | Reached skill level 4 in Fire Magic
   313 | D:3      | Reached XP level 3. HP: 22/26 MP: 2/8
   398 | D:4      | Slain by an iguana

Illustrated notes

Levels and vault maps discovered:
D:1:      heliophobic_arrival_ceremonial_halls, layout_rooms, serial_shops,
          shop, shapermc_ecumenical_altar_rom_forum,
          chequers_serial_rivers_small_a, chequers_serial_rivers_large_a
D:2:      layout_basic
D:3:      layout_loops_corners, nicolae_uskayaw_en_pointe,
          nicolae_ru_sacrificial_ziggurat
D:4:      layout_loops_cross, old_standard_altar,
          nemelex_xobeh_ov_fountains_minmay, st_stairs_1

Skill      XL: |  1  2 |
---------------+-------+-----
Fire Magic     | 4 |  4.0
Spellcasting   | 3 |  3.1
Dodging        | |  2.8
Stealth        | |  1.4
Conjurations   | |  1.3

Action                   || total
-------------------------++-------
Melee: Unarmed           ||    10
 Cast: Foxfire           ||    29
  Use: Scroll            ||     1
Armor: Robe              ||     4
Dodge: Dodged            ||     8
